Map: Frozen Temple

Players

Fropez

  • Race: Protoss Protoss
  • League: Gold
  • Spawn Location: 5:00

Teufelshund - Winner!

  • Race: Zerg Zerg
  • League: Platinum
  • Spawn Location: 11:00

VOD

Have the link to the VOD?

Description

Time

  • Played on: Sept. 15, 2016, 7:33 p.m.
  • Length: 16:18
Show
View Real Time Build Order
Export as new Build Order

Fropez Protoss 

Build Orders:  

Get SALT Encoding   

  12  0:01  Probe (Chrono Boost)  
  13  0:13  Pylon  
  13  0:18  Probe (Chrono Boost)  
  14  0:27  Pylon  
  15  0:28  Probe (Chrono Boost)  
  15  0:34  Assimilator  
  15  0:45  Probe (Chrono Boost)  
  15  0:47  Gateway  
  16  0:56  Probe (Chrono Boost)  
  17  1:05  Gateway  
  17  1:06  Probe (Chrono Boost)  
  18  1:17  Probe (Chrono Boost)  
  19  1:27  Probe (Chrono Boost)  
  20  1:41  Cybernetics Core  
  20  1:54  Nexus  
  20  1:57  Probe (Chrono Boost)  
  21  2:08  Probe (Chrono Boost)  
  22  2:09  Assimilator  
  22  2:26  Probe (Chrono Boost)  
  23  2:36  Warp Gate (Chrono Boost)  
  23  2:45  Pylon  
  23  2:47  Pylon  
  23  2:51  Pylon  
  23  2:53  Pylon  
  23  3:03  Adept x2, Mothership Core  
  23  3:04  Probe  
  30  3:14  Probe  
  31  3:24  Twilight Council, Probe  
  31  3:25  Probe  
  33  3:30  Adept  
  33  3:42  Adept  
  34  3:51  Probe  
  34  3:52  Pylon, Probe  
  36  3:57  Adept  
  38  4:04  Probe  
  38  4:05  Resonating Glaives (Chrono Boost)  
  38  4:09  Probe  
  40  4:17  Probe  
  41  4:28  Pylon  
  41  4:30  Pylon  
  38  4:55  Pylon  
  38  4:59  Adept x2  
  42  5:07  Forge, Probe  
  42  5:12  Gateway x2  
  43  5:15  Dark Shrine  
  43  5:22  Gateway  
  43  5:29  Pylon  
  43  5:33  Probe  
  44  5:40  Protoss Ground Weapons Level 1 (Chrono Boost)  
  44  5:46  Adept x2  
  48  5:53  Pylon  
  48  5:58  Probe x2  
  50  6:14  Adept x2  
  50  6:15  Probe  
  55  6:35  Probe  
  55  6:37  Pylon  
  55  6:43  Dark Templar x2  
  55  6:44  Dark Templar  
  61  6:48  Dark Templar  
  63  7:03  Dark Templar  
  65  7:12  Probe x2  
  67  7:24  Stalker x2  
  67  7:25  Stalker  
  69  7:48  Stalker x3  
  71  8:01  Pylon x2  
  71  8:04  Pylon  
  71  8:10  Assimilator  
  71  8:11  Stalker x2  
  71  8:12  Assimilator  
  75  8:16  Probe x2  
  75  8:21  Stalker  
  77  8:32  Probe x2  
  79  8:34  Stalker  
  81  8:55  Blink (Chrono Boost)  
  77  8:59  Stalker x4  
  85  9:15  Gateway  
  85  9:25  Protoss Ground Weapons Level 2 (Chrono Boost)  
  85  9:40  Probe  
  86  10:03  Adept x5  
  96  10:35  Nexus  
  96  10:36  Pylon  
  96  10:39  Pylon  
  96  10:44  Pylon  
  96  10:45  Adept  
  96  10:46  Adept x3  
  104  11:10  Probe  
  104  11:11  Robotics Facility x2  
  105  11:37  Probe x2  
  107  11:44  Dark Templar x2  
  107  11:45  Dark Templar x4  
  119  11:49  Probe  
  119  11:51  Assimilator  
  120  12:01  Protoss Ground Weapons Level 3 (Chrono Boost)  
  120  12:05  Probe x2  
  120  12:07  Pylon  
  122  12:13  Immortal (Chrono Boost)  
  126  12:16  Observer (Chrono Boost)  
  127  12:30  Probe x2  
  127  12:33  Assimilator  
  125  13:04  Dark Templar x3  
  125  13:05  Dark Templar x2  
  137  13:20  Immortal x2 (Chrono Boost)  
  92  13:40  Stalker x4  
  92  13:41  Stalker  
  79  14:29  Observer (Chrono Boost)  
  76  15:12  Dark Templar x2  
  76  15:13  Dark Templar x3  
  80  15:48  Dark Templar x3  
  84  16:02  Archon  
Show
View Real Time Build Order
Export as new Build Order

Teufelshund Zerg - Winner!

Build Orders: Hatch First, Muta Ling Bane 

Get SALT Encoding   

  12  0:01  Drone  
  13  0:10  Drone  
  14  0:17  Overlord  
  14  0:36  Drone x2  
  16  0:51  Hatchery  
  16  0:53  Extractor  
  16  0:55  Drone  
  15  0:57  Drone  
  15  1:02  Drone  
  17  1:17  Spawning Pool  
  16  1:24  Drone  
  17  1:26  Drone  
  18  1:35  Drone  
  19  1:41  Overlord  
  19  2:03  Metabolic Boost  
  19  2:05  Queen  
  19  2:07  Queen  
  23  2:10  Zergling x2  
  23  2:14  Zergling x2  
  25  2:22  Zergling x4  
  27  2:24  Zergling x2  
  27  2:26  Zergling x2  
  29  2:31  Zergling x2  
  31  2:37  Zergling x4  
  32  3:03  Drone x4  
  36  3:10  Overlord  
  36  3:12  Overlord  
  36  3:25  Extractor  
  35  3:33  Drone  
  35  3:34  Drone x5  
  40  3:46  Drone x2  
  40  3:48  Lair  
  42  4:00  Drone  
  42  4:01  Drone  
  44  4:04  Overlord  
  44  4:10  Roach Warren  
  42  4:25  Drone x4  
  42  4:26  Drone  
  47  4:35  Drone  
  48  4:44  Drone x2  
  44  4:52  Drone  
  44  4:56  Extractor  
  44  4:57  Zergling x2  
  44  4:58  Extractor, Zergling x2  
  44  5:09  Zergling x4  
  44  5:10  Zergling x6  
  49  5:17  Evolution Chamber  
  49  5:18  Evolution Chamber  
  47  5:23  Zergling x2  
  47  5:24  Zergling x2  
  49  5:28  Spire  
  49  5:32  Baneling Nest, Zergling x4  
  49  5:47  Drone x6  
  55  5:58  Zerg Melee Weapons Level 1  
  55  6:00  Zerg Ground Armor Level 1  
  55  6:02  Zergling x2  
  55  6:03  Zergling x8  
  60  6:05  Overlord x3  
  60  6:23  Hatchery  
  59  6:28  Centrifical Hooks  
  59  6:30  Zergling x4  
  59  6:31  Zergling x8  
  65  6:43  Mutalisk x6  
  77  6:52  Queen x2  
  81  7:03  Drone x3  
  81  7:06  Overlord x2  
  84  7:23  Overseer x2  
  82  7:50  Lair, Hatchery  
  81  7:52  Lair  
  81  7:53  Mutalisk  
  81  7:54  Mutalisk x2  
  87  8:17  Mutalisk  
  87  8:18  Mutalisk  
  90  8:26  Overlord x4  
  90  8:29  Zergling x6  
  90  8:31  Baneling  
  90  8:32  Baneling x2  
  90  8:33  Baneling  
  92  8:55  Baneling x2  
  90  8:56  Baneling x3  
  90  9:17  Queen  
  90  9:20  Zergling x4  
  90  9:21  Zergling x12  
  90  9:22  Zergling x2  
  90  9:23  Zerg Melee Weapons Level 2  
  101  9:47  Zergling x10  
  101  9:52  Queen  
  108  10:03  Mutalisk x4  
  116  10:08  Zergling x4  
  118  10:21  Drone x5  
  123  10:34  Roach x4  
  131  10:37  Mutalisk x2  
  131  10:39  Overlord  
  131  10:42  Overlord  
  135  10:50  Overlord x5  
  135  11:13  Infestation Pit, Drone x2  
  135  11:14  Drone x6  
  135  11:18  Extractor  
  141  11:19  Extractor  
  140  11:26  Roach x5  
  149  11:38  Roach x3  
  155  11:55  Hatchery  
  154  12:06  Hatchery  
  153  12:13  Baneling x3  
  153  12:15  Roach x2  
  157  12:16  Roach x7  
  157  12:17  Roach x2  
  175  12:30  Overlord x3  
  175  12:53  Hive  
  175  12:56  Zerg Ground Armor Level 2  
  175  13:12  Roach x7  
  192  13:13  Roach  
  172  13:31  Roach x5  
  172  13:32  Roach x2  
  170  13:40  Zergling x2  
  171  13:41  Zergling x8  
  174  14:01  Mutalisk  
  174  14:02  Mutalisk x4  
  185  14:38  Drone  
  185  14:39  Drone x6, Hatchery  
  189  15:19  Roach x4  
  189  15:20  Roach  
Tags
 
Composition
Muta Ling Bane
Matchup
PvZ
Replay Pack
All Mines
Spawn Locations
Cross Positions
Add a new tag
Caveats
  • Supply blocks, unpowered buildings, or Contaminate may cause inaccurate times.
  • Supply counts are checked every 10 seconds.